 Dungeon Crawl Stone Soup version 0.28-a0-1128-gb845255321 (webtiles) character file.

Game seed: 3336821426057897513

53 ChaosChampion the Insei (level 3, -17/23 HPs)
             Began as an Octopode Transmuter on Dec 12, 2021.
             Demolished by an ogre (24 damage)
             ... on level 2 of the Dungeon.
             The game lasted 00:03:33 (1346 turns).

ChaosChampion the Insei (Octopode Transmuter)       Turns: 1346, Time: 00:03:33

Health: -17/23     AC:  1    Str:  9    XL:     3   Next: 89%
Magic:  3/6        EV: 13    Int: 17    God:
Gold:   51         SH:  0    Dex: 12    Spells: 3/6 levels left

rFire   . . .      SeeInvis .     - Unarmed
rCold   . . .      Faith    .   (no shield)
rNeg    . . .      Spirit   .   (helmet currently unavailable)
rPois   .          Reflect  .   (no amulet)
rElec   .          Harm     .   c - ring of flight
rCorr   .          Rampage  .   (no ring)
Will    .....                   (no ring)
Stlth   ++........              (no ring)
HPRegen 0.07/turn               (no ring)
MPRegen 0.10/turn               (no ring)
                                (no ring)
                                (no ring)

@: appendages, flying, very slightly contaminated
A: tentacle spike 3, almost no armour, amphibious, 8 rings, camouflage 1,
gelatinous body 1, (nimble swimmer 1), tentacles
a: End Transformation


You were on level 2 of the Dungeon.
One of your tentacles had grown a beastly spike.
You visited 1 branch of the dungeon, and saw 3 of its levels.

You collected 51 gold pieces.

Inventory:

Jewellery
 c - a ring of flight (left tentacle)
 d - an amulet of regeneration
Scrolls
 e - a scroll of fog {unknown}
 g - a scroll of teleportation {unknown}
Potions
 a - a potion of haste {unknown}
 b - 2 potions of flight {unknown}
 f - a potion of cancellation {unknown}


   Skills:
 - Level 1.0 Fighting
 - Level 2.0 Dodging
 + Level 3.9 Unarmed Combat
 - Level 2.0 Spellcasting
 + Level 3.2 Transmutations


You had 3 spell levels left.
You knew the following spells:

 Your Spells              Type           Power      Damage    Failure   Level
a - Beastly Appendage     Tmut           24%        N/A       5%          1
b - Wereblood             Tmut           12%        N/A       8%          2

Your spell library contained the following spells:

 Spells                   Type           Power      Damage    Failure   Level
 Blink                    Tloc           2%         N/A       28%         2
 Spider Form              Tmut/Pois      7%         N/A       30%         3
 Lesser Beckoning         Tloc           1%         N/A       50%         3
 Ice Form                 Ice/Tmut       7%         N/A       69%         4
 Manifold Assault         Tloc           1%         N/A       99%         5
 Chain Lightning          Conj/Air       0%         2d1       100%        9
 Fire Storm               Conj/Fire      0%         6d1       100%        9
 Shatter                  Erth           0%         3d5*      100%        9


Dungeon Overview and Level Annotations

Branches:
Dungeon (3/15)

Altars:


Innate Abilities, Weirdness & Mutations

One of your tentacles has grown a beastly spike.
You cannot wear most types of armour.
You are amphibious.
You can wear up to eight rings at the same time.
Your skin changes colour to match your surroundings (Stealth+).
Your rubbery body absorbs attacks. (AC +1, EV +1)
((You are camouflaged near water. (Stealth+)))
You have tentacles for arms and can constrict up to eight enemies at once.


Message History

You are very lightly contaminated with residual magic.
Nothing appears to happen.
The jackal closely misses you.
A gnoll comes into view. It is wielding a +0 spear.
You tentacle-slap the jackal but do no damage.
You grab the jackal.
You constrict the jackal, but do no damage.
The jackal bites you. x2
An orc comes into view. It is wielding a +0 hand axe.
A giant cockroach comes into view.
A kobold comes into view. It is wielding a +0 club.
The jackal closely misses you.
The jackal escapes!
You barely miss the jackal. Your grab misses the jackal.
The jackal barely misses you. x2
An orc comes into view. It is wielding a +0 whip.
The kobold throws a stone.
The stone hits you.
An orc wizard comes into view. It is wielding a +0 dagger.
You tentacle-slap the jackal. Your grab misses the jackal.
You squeeze the jackal.
You kill the jackal!
The jackal closely misses you. The jackal bites you.
A gnoll comes into view. It is wielding a +0 halberd.
You barely miss the jackal.
The gnoll shouts!
You grab the jackal.
You constrict the jackal, but do no damage.
The jackal misses you. x2; The kobold throws a stone.
The stone closely misses you. The jackal bites you. x2
You tentacle-slap the jackal.
You kill the jackal!
A gnoll comes into view. It is wielding a +0 club.
The jackal barely misses you.
The gnoll hits you from afar with a +0 spear.
The giant cockroach bites you but does no damage.
The jackal closely misses you. The giant cockroach bites you.
The gnoll hits you from afar with a +0 spear.
* * * LOW HITPOINT WARNING * * *
You fly upwards.
The ogre hits you with a +0 giant spiked club!!
Ouch! That really hurt!
You die...

.. #.# ... #.# ##
#.# #.# #. ... #.#
#. #.#### #.# #.
#.#.. ######.### #.
#.#.# .........#
#.##B#O# ######)#.#
#....@.# †......#.#
#..##.h.# #######..#
#..##.....# ..
##.#.####.##...###
##.##.###O..O.....##
##.###.#.########.#
....O........... .#
##.###...####### ##
#...#.#(#


You could see an ogre, a jackal and a giant cockroach.

Vanquished Creatures
  2 adders (D:2)
  A dart slug (D:1)
  4 endoplasms
  A giant cockroach (D:1)
  A goblin (D:1)
  A hobgoblin (D:1)
  8 jackals
  4 ball pythons (D:1)
  5 bats
  2 frilled lizards
  2 kobolds
  2 rats (D:1)
33 creatures vanquished.

Notes
Turn   | Place    | Note
-------+----------+-------------------------------------------
     0 | D:1      | ChaosChampion the Octopode Transmuter began the quest for
                  | the Orb.
     0 | D:1      | Reached XP level 1. HP: 13/13 MP: 3/3
   185 | D:1      | Reached XP level 2. HP: 18/18 MP: 3/5
   198 | D:1      | Learned a level 2 spell: Wereblood
   949 | D:1      | Reached XP level 3. HP: 23/23 MP: 6/6
  1084 | D:2      | Noticed an ogre
  1346 | D:2      | Demolished by an ogre

Illustrated notes

Levels and vault maps discovered:
D:1:      scummos_arrival_star, layout_basic
D:2:      layout_loops_ring
D:3:      layout_loops_ring, chequers_ecumenical_altar_simple, serial_glass,
          glass_columns_a, glass_columns_b, glass_columns_c, glass_columns_a

Skill      XL: |  1  2  3 |
---------------+----------+-----
Transmutations | 3 |  3.2
Fighting       | |  1.0
Dodging        | |  2.0
Unarmed Combat | |  3.9
Spellcasting   | |  2.0

Action                   || total
-------------------------++-------
Melee: Unarmed           ||    67
       Constrict         ||    23
       Kick              ||    13
       Tentacles         ||     7
 Cast: Beastly Appendage ||    20
       Wereblood         ||     6
 Stab: Sleeping          ||     5
Armor: Skin              ||     6
Dodge: Dodged            ||    55

Table legend: (Time is in decaauts)
 A = Elapsed time spent in this place.
 B = Non-inter-level travel time spent in this place.
 C = Inter-level travel time spent in this place.
 D = Time resting spent in this place.
 E = Time spent auto-exploring this place.
 F = Levels seen in this place.
 G = Mean time per level.
                   A        B        C        D        E       F      G
               +--------+--------+--------+--------+--------+-----+--------+
         Total |   1340 |   1320 |     20 |      0 |   1046 |   3 |  446.7 |
       Dungeon |   1340 |   1320 |     20 |      0 |   1046 |   3 |  446.7 |
               +--------+--------+--------+--------+--------+-----+--------+

Top non-repeatable levels by time:
     D:1: 1027 daAuts
     D:2: 304 daAuts
     D:3: 8 daAuts
